 Dungeon Crawl Stone Soup version 0.21.1-1-g345015f (webtiles) character file.

109 theblackcape the Conjurer (level 4, -1/21 HPs)
             Began as a Vine Stalker Conjurer on July 18, 2018.
             Slain by a gnoll
             ... wielding a +0 halberd
              (9 damage)
             ... on level 3 of the Dungeon.
             The game lasted 00:07:58 (1909 turns).

theblackcape the Conjurer (Vine Stalker Conjurer)   Turns: 1909, Time: 00:07:59

Health: -1/21      AC:  3    Str: 10    XL:     4   Next: 90%
Magic:  0/9        EV: 12    Int: 16    God:
Gold:   123        SH:  0    Dex: 15    Spells: 6/9 levels left

rFire    . . .     SeeInvis .   d - +0 dagger
rCold    . . .     Gourm    .   (no shield)
rNeg     . . .     Faith    .   a - +0 robe
rPois    +         Spirit   +   (no helmet)
rElec    .         Reflect  .   (no cloak)
rCorr    .         Harm     .   (no gloves)
MR       .....                  q - +0 pair of boots
Stlth    ++........             (no amulet)
HPRegen  0.47/turn              f - ring of poison resistance
MPRegen  0.11/turn              (no ring)

@: no status effects
A: fangs 2, regeneration 1, magic shield, antimagic bite, no potion heal 3, rot
immunity
a: no special abilities


You were on level 3 of the Dungeon.
You were not hungry.

You visited 1 branch of the dungeon, and saw 3 of its levels.

You collected 123 gold pieces.

Inventory:

Hand Weapons
 d - a +0 dagger (weapon)
Armour
 a - a +0 robe (worn)
 j - a +0 helmet
 q - a +0 pair of boots (worn)
Jewellery
 f - a ring of poison resistance (left hand)
Scrolls
 e - 3 scrolls of remove curse {unknown}
 h - 2 scrolls of magic mapping {unknown}
 i - a scroll of blinking {unknown}
 k - a scroll of noise {unknown}
 m - a scroll of enchant weapon {unknown}
 n - 3 scrolls of identify {unknown}
 r - a scroll of teleportation {unknown}
Potions
 g - a potion of flight {unknown}
 l - a potion of might {unknown}
 o - 2 potions of degeneration {unknown}
 p - 3 potions of curing {unknown}
Books
 b - a book of Conjurations

   Spells                             Type                      Level
   a - Magic Dart                     Conjuration                  1
   b - Searing Ray                    Conjuration                  2
   c - Dazzling Spray                 Conjuration/Hexes            3
   d - Fulminant Prism                Conjuration/Hexes            4
   e - Force Lance                    Conjuration/Translocation    4
   f - Iskenderun's Mystic Blast      Conjuration                  4
Comestibles
 c - 3 rations


   Skills:
 - Level 1.5 Dodging
 - Level 2.4 Stealth
 + Level 3.1 Spellcasting
 + Level 5.6 Conjurations


You had 6 spell levels left.
You knew the following spells:

 Your Spells              Type           Power        Failure   Level  Hunger
a - Magic Dart            Conj           ###.         1%          1    None
b - Searing Ray           Conj           ###...       2%          2    ##.....


Dungeon Overview and Level Annotations

Branches:
Dungeon (3/15)

Altars:
Ashenzari
Dithmenos
Gozag
Nemelex Xobeh
Ru
Uskayaw


Innate Abilities, Weirdness & Mutations

You have extremely sharp teeth.
Your natural rate of healing is unusually fast.
When hurt, damage is shared between your health and your magic reserves.
Your bite disrupts and absorbs the magic of your enemies.
Potions cannot restore your health.
You are immune to rotting.


Message History

Aiming: Magic Dart
Press: ? - help, Shift-Dir - straight line, f/p - adder
Aim: an adder (moderately wounded)
The magic dart hits the adder.
The adder is almost dead.
The adder barely misses you. The gnoll hits you but does no damage.
Casting: Magic Dart
Confirm with . or Enter, or press ? or * to list all spells.
You don't have enough magic to cast that spell.
The adder closely misses you. The adder bites you.
Casting: Magic Dart
Confirm with . or Enter, or press ? or * to list all spells.
Aiming: Magic Dart
Press: ? - help, Shift-Dir - straight line, f/p - adder
Aim: an adder (almost dead)
The magic dart hits the adder.
You kill the adder!
The gnoll hits you from afar with a halberd!
You die...

#.# ......... #.#
#.... ####.#
#.g## #..<.#
#.#.# #.####
#####K##. #.#
#.....### #.#
#K#####
#.######## #.#
#.....@.g######.#
########.K......#
##########


You could see a gnoll and a kobold.

Vanquished Creatures
  A worker ant (D:2)
  2 adders
  An ooze (D:2)
  A worm (D:2)
  A dart slug (D:2)
  A leopard gecko (D:2)
  A ball python (D:2)
  8 bats
  3 giant cockroaches (D:2)
  8 goblins
  7 hobgoblins
  7 jackals
  A quokka (D:3)
  3 frilled lizards
  2 kobolds (D:1)
  7 rats
54 creatures vanquished.

Notes
Turn   | Place    | Note
-------+----------+-------------------------------------------
     0 | D:1      | theblackcape the Vine Stalker Conjurer began the quest for the Orb.
     0 | D:1      | Reached XP level 1. HP: 9/9 MP: 4/4
   293 | D:2      | Reached XP level 2. HP: 13/13 MP: 4/6
   380 | D:2      | Found a shadowy altar of Dithmenos.
   477 | D:2      | Reached XP level 3. HP: 9/16 MP: 0/7
   489 | D:2      | Learned a level 2 spell: Searing Ray
   634 | D:2      | Reached skill level 5 in Conjurations
   704 | D:2      | Found a sparkling altar of Nemelex Xobeh.
   705 | D:2      | Found an opulent altar of Gozag.
   733 | D:2      | Gained mutation: Your natural rate of healing is unusually fast. [Vine Stalker growth]
   733 | D:2      | Reached XP level 4. HP: 21/21 MP: 0/9
   755 | D:2      | Found a hide-covered altar of Uskayaw.
  1448 | D:2      | Found a shattered altar of Ashenzari.
  1501 | D:2      | Found a sacrificial altar of Ru.
  1909 | D:3      | Slain by a gnoll

Skill      XL: |  1  2  3  4 |
---------------+-------------+-----
Conjurations   | 5 |  5.6
Spellcasting   | 3 |  3.1
Dodging        | |  1.5
Stealth        | |  2.4

Action                   |  1- 3 |  4- 6 || total
-------------------------+-------+-------++-------
Melee: Dagger            |    10 |    11 ||    21
       Bite              |     1 |     3 ||     4
 Cast: Magic Dart        |    44 |    80 ||   124
       Searing Ray       |       |     1 ||     1
  Eat: Chunk             |       |     4 ||     4
Armor: Robe              |     2 |     9 ||    11
Dodge: Dodged            |    10 |    26 ||    36
